 Dungeon Sprint DCSS version 0.30.1 (webtiles) character file.

Game seed: 12774885269695151419

554 BreadTh the Brawler (level 10, -8/107 HPs)
             Began as a Troll Gladiator on July 12, 2023.
             Was a High Priest of Trog.
             Mangled by an eidolon (17 damage)
             ... in the Dungeon (Sprint VI: "Thunderdome").
             The game lasted 00:12:20 (1015 turns).

BreadTh the Brawler (Troll Gladiator)               Turns: 1015, Time: 00:12:21

Health: -8/107     AC:  5    Str: 29 (30) XL:     10   Next: 9%
Magic:  9/9        EV: 12    Int:  3 (4)  God:    Trog [*****.]
Gold:   153        SH:  0    Dex: 17 (18) Spells: 9/9 levels left

rFire   . .          .
                       - Unarmed
rCold   + + .        (no shield)
rNeg    + + .        o - +0 animal skin of the Flute {rN+ Regen+}
rPois   +            b - +0 hat
rElec   +            w - +0 cloak of Jirubbue {rElec Will+ Str+2 Dex+4}
rCorr   .            (gloves unavailable)
SInv    .            (boots unavailable)
Will    .....        q - amulet "Kaun" {Acrobat +Inv Will- Dex+3}
Stlth   ++           r - ring of the Eleven Visions {Wiz rPois rC+ rN+}
HPRegen 1.97/turn    s - ring "Luekagh" {rElec rC+}
MPRegen 0.11/turn

%: no teleportation, acrobat, wizardry (x1)
@: afraid, slowed, very slow
A: large, unfitting armour, claws 3, regeneration 1, shaggy fur 1, tough skin 1
}: 1/15 runes: decaying
a: Renounce Religion, Evoke Invisibility, Berserk, Trog's Hand, Brothers in Arms


You were in the Dungeon.
You worshipped Trog.
Trog was extremely pleased with you.
You visited 1 branch You collected 850 gold pieces.
You spent 697 gold pieces at shops.

Inventory:

Hand Weapons
 a - a +5 spear of distortion
 v - a +1 dagger of venom
Missiles
 c - 3 throwing nets (quivered)
 d - a large rock
Armour
 b - a +0 hat (worn)
 o - the +0 animal skin of the Flute (worn) {rN+ Regen+}
   (You bought it in a shop in the Dungeon)

   rN:        It protects you from negative energy.
   Regen:     It increases your rate of health regeneration.
 w - the +0 cloak of Jirubbue (worn) {rElec Will+ Str+2 Dex+4}
   (You bought it in a shop in the Dungeon)

   Str:       It affects your strength (+2).
   Dex:       It affects your dexterity (+4).
   rElec:     It insulates you from electricity.
   Will:      It increases your willpower.
Jewellery
 p - the ring "Nomu" {*Slow rC+++ rCorr Str+2 Stlth-}
   (You bought it in a shop in the Dungeon)

   [ring of resist corrosion]

   Str:       It affects your strength (+2).
   rC:        It renders you almost immune to cold.
   rCorr:     It protects you from acid and corrosion.
   *Slow:     It may slow you when you take damage.
   Stlth:     It makes you less stealthy.
 q - the amulet "Kaun" (around neck) {Acrobat +Inv Will- Dex+3}
   (You bought it in a shop in the Dungeon)

   [amulet of the acrobat]

   It increases your evasion while moving and waiting.
   Dex:       It affects your dexterity (+3).
   +Inv:      It lets you turn invisible.
   Will:      It decreases your willpower.
 r - the ring of the Eleven Visions (left claw) {Wiz rPois rC+ rN+}
   (You bought it in a shop in the Dungeon)

   [ring of wizardry]

   It improves your spell success rate.
   rC:        It protects you from cold.
   rPois:     It protects you from poison.
   rN:        It protects you from negative energy.
 s - the ring "Luekagh" (right claw) {rElec rC+}
   (You bought it in a shop in the Dungeon)

   [ring of protection from cold]

   rC:        It protects you from cold.
   rElec:     It insulates you from electricity.
Wands
 k - a wand of acid (3)
 l - a wand of roots (4)
Scrolls
 j - 4 scrolls of blinking
 m - 3 scrolls of fog
Potions
 f - 3 potions of heal wounds
 g - 4 potions of haste
 h - 2 potions of magic
 i - a potion of berserk rage
 n - a potion of resistance
 t - a potion of experience
Miscellaneous
 u - a box of beasts


   Skills:
 + Level 9.4 Fighting
 - Level 5.0 Throwing
 - Level 5.0 Dodging
 * Level 19.6 Unarmed Combat


You had 9 spell levels left.
You didn't know any spells.
Your spell library was empty.

Dungeon Overview and Level Annotations

Branches:
Dungeon (1/1)

Altars:
Cheibriados
Dithmenos
Fedhas
Gozag
Kikubaaqudgha
Makhleb
Okawaru
Qazlal
Ru
Sif Muna
Trog
Uskayaw
Vehumet
Wu Jian
Xom
Yredelemnul
Zin
The Shining One
Lugonu

Shops:
D *[??*?*:[((!!!!


Innate Abilities, Weirdness & Mutations

You are too large for most types of armour.
You have claws for hands.
Your natural rate of healing is unusually fast.
You are covered in fur. (AC +1)
You have tough skin. (AC +1)


Message History

You scratch the phantasmal warrior.
The phantasmal warrior is almost destroyed.
You mangle the phantasmal warrior!!
You destroy the phantasmal warrior!
Trog accepts your kill.
The eidolon hits you but does no damage.
The eidolon hits you!
* * * LOW HITPOINT WARNING * * *
You feel weakened.
You feel your strength returning.
You have reached level 10!
You barely miss the eidolon.
The eidolon is severely damaged.
The eidolon closely misses you. The eidolon hits you.
* * * LOW HITPOINT WARNING * * *
You feel clumsy.
Unknown command.
You feel much better. The eidolon hits you!
* * * LOW HITPOINT WARNING * * *
The eidolon drains your vigour!
You feel yourself slow down. The eidolon closely misses you.
The eidolon misses you. The eidolon barely misses you.
You feel better. The eidolon hits you!
* * * LOW HITPOINT WARNING * * *
The eidolon barely misses you.
Okay, then.
Aiming: Corrosive Bolt
Press: ? - help, Shift-Dir - straight line, f - eidolon
Aim: an eidolon (severely damaged, inspiring fear, 71% to hit)
The bolt of acid hits the eidolon!
The acid corrodes the eidolon!
The eidolon is almost destroyed.
The eidolon hits you!!
* * * LOW HITPOINT WARNING * * *
The eidolon drains your vigour!
You feel as though you will be slow longer.
The eidolon hits you.
* * * LOW HITPOINT WARNING * * *
You feel dopey. The eidolon hits you!
You die...

#_......._# #_......._#
#_......).# ###.........###
#⌠...........⌠#
######.8.........8)######
##.W__......###......___∩##
###∩........8.# #.8........∩##
##............@###.............
#⌠......[...###W..###...[...[..
#⌠......)...# #.<.# #..o[......
#⌠..........###)..###..........
##...........)[###.............
###∩........8.# #.8........∩##
##∩_........###.......__∩##
######.8.........8.######
#⌠...........⌠#


You could see an eidolon (scary, corroded).

Vanquished Creatures
  An eidolon (D)
  A wizard (D)
  Nergalle (D)
  A phantasmal warrior (D)
  2 tarantellas (D)
  2 jumping spiders (D)
  2 wraiths (D)
  A redback (D)
  2 water moccasins (D)
  2 wolves (D)
  5 scorpions (D)
  A gnoll sergeant (D)
  2 gnoll boudas (D)
  2 hounds (D)
  4 gnolls (D)
29 creatures vanquished.

Notes
Turn   | Place    | Note
-------+----------+-------------------------------------------
     0 | D        | BreadTh the Troll Gladiator began the quest for the Orb.
     0 | D        | Reached XP level 1. HP: 19/19 MP: 0/0
     1 | D        | Found an opulent altar of Gozag.
     2 | D        | Found a blossoming altar of Fedhas.
     3 | D        | Found a shimmering blue altar of Sif Muna.
     3 | D        | Found an ancient bone altar of Kikubaaqudgha.
     4 | D        | Found a glowing golden altar of the Shining One.
     4 | D        | Found an iron altar of Okawaru.
     4 | D        | Found Zicil's Premium Goods.
     4 | D        | Found Lioxzash's Weapon Rack.
     5 | D        | Found Yvvofoewn's Miscellaneous Merchandise.
     5 | D        | Found Jomoap's Basic Armour.
     5 | D        | Round 1.
    23 | D        | Noticed a scorpion
    24 | D        | Found a glowing silver altar of Zin.
    26 | D        | Noticed a scorpion
    28 | D        | Killed a scorpion
    29 | D        | Reached skill level 5 in Unarmed Combat
    29 | D        | Reached XP level 2. HP: 31/31 MP: 1/1
    29 | D        | Reached XP level 3. HP: 37/37 MP: 2/2
    32 | D        | Killed a scorpion
    33 | D        | Reached skill level 7 in Unarmed Combat
    33 | D        | Reached XP level 4. HP: 48/48 MP: 3/3
    33 | D        | Found Ylutiuc's Identification Station.
    34 | D        | Found Sutiro's Advanced Armour.
    34 | D        | Found Onacej's Jewellery.
    35 | D        | Found a stormy altar of Qazlal.
    35 | D        | Found a snail-covered altar of Cheibriados.
    35 | D        | Found a radiant altar of Vehumet.
    42 | D        | Bought a translucent animal skin for 185 gold pieces
    42 | D        | Identified the +0 animal skin of the Flute {rN+ Regen+}
                  | (You bought it in a shop in the Dungeon)
    57 | D        | Found a bloodstained altar of Trog.
    58 | D        | Found a basalt altar of Yredelemnul.
    60 | D        | Found Ubbyohun's Magic Scroll Shop.
    61 | D        | Found a shimmering altar of Xom.
    61 | D        | Found a shadowy altar of Dithmenos.
    61 | D        | Found Laissom's Staff Store.
    61 | D        | Found Puerior's Magic Scroll Shop.
    61 | D        | Found Baza's Must-Have Magic.
    65 | D        | Found a burning altar of Makhleb.
    68 | D        | Found a corrupted altar of Lugonu.
    69 | D        | Found an ornate altar of the Wu Jian Council.
    69 | D        | Found Ygaffaon's Distillery.
    70 | D        | Found Mumocver's Distillery.
    70 | D        | Found Paytzas's Bottled Wisdom.
    71 | D        | Found a sacrificial altar of Ru.
    71 | D        | Found a hide-covered altar of Uskayaw.
    71 | D        | Found Ywnaetiqo's Do-It-Yourself Clinic.
   106 | D        | Noticed a water moccasin
   114 | D        | Killed a water moccasin
   115 | D        | Reached skill level 5 in Fighting
   115 | D        | Reached skill level 5 in Throwing
   115 | D        | Reached skill level 9 in Unarmed Combat
   115 | D        | Reached XP level 5. HP: 35/57 MP: 4/4
   143 | D        | Reached XP level 6. HP: 48/66 MP: 5/5
   156 | D        | Noticed a water moccasin
   161 | D        | Reached skill level 10 in Unarmed Combat
   166 | D        | Killed a water moccasin
   166 | D        | Arena points: 14 (+14) [x2]
   167 | D        | Reached skill level 5 in Dodging
   167 | D        | Reached skill level 11 in Unarmed Combat
   205 | D        | Round 2.
   240 | D        | Became a worshipper of Trog the Wrathful
   316 | D        | Reached skill level 12 in Unarmed Combat
   316 | D        | Reached XP level 7. HP: 54/72 MP: 6/6
   328 | D        | Reached * piety under Trog
   328 | D        | Arena points: 50 (+36) [x3]
   355 | D        | Bought an ancient lapis lazuli ring for 45 gold pieces
   355 | D        | Identified the ring "Nomu" {*Slow rC+++ rCorr Str+2 Stlth-}
                  | (You bought it in a shop in the Dungeon)
   355 | D        | Bought a faintly glowing copper amulet for 45 gold pieces
   355 | D        | Identified the amulet "Kaun" {Acrobat +Inv Will- Dex+3}
                  | (You bought it in a shop in the Dungeon)
   409 | D        | Round 3.
   419 | D        | Reached skill level 13 in Unarmed Combat
   422 | D        | Reached ** piety under Trog
   428 | D        | Reached skill level 14 in Unarmed Combat
   441 | D        | Arena points: 134 (+84) [x4]
   450 | D        | Bought an ancient marble ring for 45 gold pieces
   450 | D        | Identified the ring of the Eleven Visions {Wiz rPois rC+
                  | rN+} (You bought it in a shop in the Dungeon)
   450 | D        | Bought an ancient pewter ring for 45 gold pieces
   450 | D        | Identified the ring "Luekagh" {rElec rC+} (You bought it in
                  | a shop in the Dungeon)
   496 | D        | Round 4.
   500 | D        | Noticed a redback
   500 | D        | Noticed a tarantella
   509 | D        | Killed a redback
   509 | D        | Reached *** piety under Trog
   513 | D        | Killed a tarantella
   514 | D        | Reached skill level 15 in Unarmed Combat
   514 | D        | Reached XP level 8. HP: 78/80 MP: 7/7
   520 | D        | Noticed a jumping spider
   528 | D        | Killed a jumping spider
   605 | D        | Noticed a jumping spider
   621 | D        | Killed a jumping spider
   621 | D        | Reached **** piety under Trog
   622 | D        | Reached skill level 16 in Unarmed Combat
   649 | D        | Noticed a tarantella
   664 | D        | Killed a tarantella
   664 | D        | Arena points: 274 (+140) [x5]
   690 | D        | Round 5.
   697 | D        | Noticed a witch
   710 | D        | Killed a witch
   710 | D        | Arena points: 554 (+280) [x7]
   711 | D        | Reached skill level 17 in Unarmed Combat
   711 | D        | Reached XP level 9. HP: 93/93 MP: 8/8
   711 | D        | Got a decaying rune of Zot
   724 | D        | Bought a scorched cloak for 332 gold pieces
   724 | D        | Identified the +0 cloak of Jirubbue {rElec Will+ Str+2
                  | Dex+4} (You bought it in a shop in the Dungeon)
   898 | D        | Round 6.
   902 | D        | Noticed an eidolon
   914 | D        | Killed an eidolon
   915 | D        | Reached skill level 18 in Unarmed Combat
   952 | D        | Noticed Nergalle
   965 | D        | Noticed an eidolon
   969 | D        | Noticed a phantasmal warrior
   988 | D        | Killed Nergalle
   988 | D        | Reached ***** piety under Trog
   989 | D        | Reached skill level 19 in Unarmed Combat
   997 | D        | Received a gift from Trog
  1008 | D        | Killed a phantasmal warrior
  1008 | D        | HP: 4/98 [eidolon (10)]
  1009 | D        | Reached XP level 10. HP: 4/107 MP: 9/9
  1015 | D        | Mangled by an eidolon

Illustrated notes

Levels and vault maps discovered:
D:        arena_sprint

Skill      XL: |  1  2  3  4  5  6  7  8  9 |
---------------+----------------------------+-----
Fighting       | 3 4 5 7 9 |  9.4
Throwing       | 3 4 5 |  5.0
Dodging        | 3 5 |  5.0
Unarmed Combat | 5 7 9 12 15 17 19 | 19.6

Action                     |  1- 3 |  4- 6 |  7- 9 | 10-12 || total
---------------------------+-------+-------+-------+-------++-------
  Melee: Unarmed           |     4 |    29 |    84 |     1 ||   118
         Punch             |       |     6 |     7 |       ||    13
  Evoke: Wand              |     2 |       |       |     1 ||     3
    Use: Potion            |       |       |       |     2 ||     2
 Armour: Robe              |     1 |       |       |       ||     1
         Animal skin       |       |     3 |    12 |       ||    15
  Dodge: Dodged            |       |     8 |    32 |     5 ||    45
